[Event "Titled Tuesday Blitz August 17 2021"]
[White "Onyshchuk, Volodymyr"]
[Black "Katz, Alexander"]
[WhiteFideId "14114038"]
[BlackFideId "2039796"]
[WhiteElo "2603"]
[BlackElo "2371"]
[Result "1-0"]
[Round "02"]
[TimeControl "180+1"]
[Date "2021.08.17"]
[WhiteClock "0:00:33"]
[BlackClock "0:00:05"]

1. e4 e5 2. Nf3 Nc6 3. Bc4 Nf6 4. d3 h6 5. Nbd2 g5 6. Nf1 d6 7. c3 Bg7 8. Ne3 O-O 9. h4 g4 10. Nh2 h5 11. Nhf1 Ne7 12. Ng3 c6 13. Bb3 d5 14. Qe2 Ng6 15. Bc2 Nf4 16. Qf1 Re8 17. Ngf5 Bf8 18. g3 Ng6 19. Qe2 d4 20. Nc4 b5 21. Nd2 c5 22. O-O Be6 23. a4 b4 24. c4 Qd7 25. f3 Bxf5 26. exf5 Qxf5 27. Ne4 Nxe4 28. fxe4 Qe6 29. a5 Be7 30. Rf5 Kg7 31. Rxh5 Rh8 32. Rf5 Rag8 33. h5 Nf8 34. Qxg4+ Kh7 35. Qf3 Rg7 36. h6 Rg6 37. Rxf7+ Kg8 38. Rf5 Rh7 39. Kf2 Nd7 40. g4 Bd8 41. g5 Be7 42. Bd2 Qd6 43. Rg1 Nf8 44. Ba4 Ne6 45. Be8 Nf4 46. Bxf4 exf4 47. Bxg6 Qxg6 48. Qxf4 Bd6 49. e5 Bc7 50. Rf8# 1-0


[Site "https://www.chess.com"]

[Event "Titled Tuesday Blitz August 17 2021"]
[White "Papasimakopoulos, Alexandros"]
[Black "Donatti, Alvaro"]
[WhiteFideId "4244125"]
[BlackFideId "3000303"]
[WhiteElo "2352"]
[BlackElo "2138"]
[Result "1-0"]
[Round "02"]
[TimeControl "180+1"]
[Date "2021.08.18"]
[WhiteClock "0:00:07"]
[BlackClock "0:00:01"]

1. d4 Nf6 2. c4 g6 3. Nc3 d5 4. Nf3 Bg7 5. Qb3 dxc4 6. Qxc4 O-O 7. e4 c6 8. Be2 Nbd7 9. O-O Nb6 10. Qd3 Bg4 11. Rd1 Qc7 12. h3 Be6 13. Bg5 Bc4 14. Qe3 Bxe2 15. Bf4 Nc4 16. Qxe2 Qxf4 17. g3 Qh6 18. Qxc4 Qxh3 19. Qb4 Qg4 20. Ne5 Qe6 21. Qxb7 Rab8 22. Qxc6 Rxb2 23. Qxe6 fxe6 24. Nd3 Rc2 25. Rac1 Rxc1 26. Rxc1 Rd8 27. Nc5 Rxd4 28. Nxe6 Rc4 29. Nxg7 Kxg7 30. f3 Nd7 31. Kf2 Nc5 32. Ke3 e5 33. Kd2 Ne6 34. Rb1 Nd4 35. Rb7+ Kh6 36. f4 a5 37. Kd3 Rb4 38. Rxb4 axb4 39. Nd5 Ne6 40. fxe5 Kg5 41. Nxb4 h5 42. a4 Kg4 43. a5 Kxg3 44. Kc4 h4 45. a6 h3 46. Nd5 h2 47. a7 h1=Q 48. a8=Q Qc1+ 49. Kb5 Qc5+ 50. Ka4 Qc4+ 51. Ka3 Qc5+ 52. Nb4 Qc3+ 53. Ka4 Qa1+ 54. Kb5 Qxa8 55. Nd5 Qb7+ 56. Kc4 Qc6+ 57. Kd3 Qc5 58. Ne3 Qa3+ 59. Ke2 Qb2+ 60. Kd3 Ng5 61. Nc4 Qb3+ 62. Kd4 Qd1+ 63. Kc5 Qe2 64. e6 1-0


[Site "https://www.chess.com"]

[Event "Titled Tuesday Blitz August 17 2021"]
[White "Paravyan, David"]
[Black "Martinez Reyes, Pedro Ramon"]
[WhiteFideId "4194985"]
[BlackFideId "3901807"]
[WhiteElo "2562"]
[BlackElo "2398"]
[Result "1-0"]
[Round "02"]
[TimeControl "180+1"]
[Date "2021.08.17"]
[WhiteClock "0:02:13"]
[BlackClock "0:01:14"]

1. e4 e6 2. d4 d5 3. exd5 exd5 4. Nf3 Nf6 5. Bd3 Be7 6. O-O Bg4 7. h3 Bh5 8. Bf4 O-O 9. Re1 Nbd7 10. Nbd2 c6 11. c3 Re8 12. Qc2 Bg6 13. Re2 Nf8 14. Rae1 Bd6 15. Rxe8 Nxe8 16. Rxe8 Qxe8 17. Bxd6 Bxd3 18. Qxd3 Ng6 19. Bg3 Qd7 20. Ne5 Nxe5 21. dxe5 c5 22. f4 g6 23. Bf2 b6 24. Nf3 Rd8 25. g4 Qa4 26. Qd2 Qxa2 27. f5 Qb1+ 28. Kg2 Re8 29. f6 g5 30. Qxg5+ Qg6 31. Qf4 Qe4 32. Kg3 Qxf4+ 33. Kxf4 a5 34. Nh4 a4 35. Nf5 Ra8 36. Ne7+ Kf8 37. Nxd5 Ra5 38. Nxb6 Rb5 39. Nxa4 Rb4+ 40. cxb4 1-0


[Site "https://www.chess.com"]

[Event "Titled Tuesday Blitz August 17 2021"]
[White "Pastar, Slaven"]
[Black "Castellanos Rodriguez, Renier"]
[WhiteFideId "14402718"]
[BlackFideId "3404650"]
[WhiteElo "2150"]
[BlackElo "2612"]
[Result "1-0"]
[Round "02"]
[TimeControl "180+1"]
[Date "2021.08.17"]
[WhiteClock "0:00:06"]
[BlackClock "0:00:31"]

1. d4 e6 2. Nf3 f5 3. g3 Nf6 4. Bg2 d5 5. O-O Bd6 6. b3 Qe7 7. a4 a5 8. Ba3 O-O 9. Bxd6 cxd6 10. Nc3 b6 11. Nb5 Ba6 12. c4 Nc6 13. Rc1 Nb4 14. Ng5 Rac8 15. Qd2 h6 16. Nh3 g5 17. Kh1 Kg7 18. f3 dxc4 19. bxc4 d5 20. cxd5 Nbxd5 21. e4 Qb4 22. Qxb4 Nxb4 23. exf5 exf5 24. Nd6 Bxf1 25. Rxc8 Rxc8 26. Nxc8 Bxg2+ 27. Kxg2 Nfd5 28. f4 Kf6 29. fxg5+ hxg5 30. Nf2 Nc2 31. h4 Nxd4 32. Nd3 gxh4 33. gxh4 Ne6 34. Kg3 Nc5 35. Nb2 Ne4+ 36. Kf3 Nd2+ 37. Ke2 Ne4 38. Nc4 Nec3+ 39. Kd3 Nxa4 40. Kd4 Ke6 41. h5 b5 42. h6 Nf6 43. Nxa5 f4 44. Na7 Nb6 45. Nxb5 Kf5 46. Nd6+ Kg4 47. Ne4 Nh7 48. Nc4 Nd7 49. Ne5+ Nxe5 50. Kxe5 f3 51. Kd4 Kf4 52. Nf2 Ng5 53. Kd3 Kg3 54. Ke3 Kg2 55. Ne4 Nxe4 56. h7 f2 57. h8=Q Ng3 58. Qb2 Nh1 59. Qe2 Kg1 60. Qg4+ Kh2 61. Qf4+ Kg2 62. Qe4+ Kg1 63. Qg6+ Kf1 64. Qh5 Ng3 65. Qh3+ Ke1 66. Qxg3 Kd1 67. Qxf2 Kc1 68. Kd3 Kb1 69. Kc3 Ka1 70. Qb2# 1-0


[Site "https://www.chess.com"]

[Event "Titled Tuesday Blitz August 17 2021"]
[White "Perez Rodriguez, Luis Manuel"]
[Black "Fier, Alexandr"]
[WhiteFideId "3503364"]
[BlackFideId "2107139"]
[WhiteElo "2429"]
[BlackElo "2569"]
[Result "0-1"]
[Round "02"]
[TimeControl "180+1"]
[Date "2021.08.17"]
[WhiteClock "0:00:15"]
[BlackClock "0:01:10"]

1. e4 c5 2. Nf3 e6 3. d4 cxd4 4. Nxd4 Nf6 5. Nc3 d6 6. g4 h6 7. h4 Nc6 8. Rg1 h5 9. gxh5 Nxh5 10. Bg5 Qb6 11. Nb3 Bd7 12. Be2 Nf6 13. Qd2 O-O-O 14. h5 Be7 15. Be3 Qc7 16. Rxg7 Nxh5 17. Rxf7 Be8 18. Rf3 Nf6 19. O-O-O Bg6 20. Nb5 Nxe4 21. Nxc7 Nxd2 22. Nxe6 Nxb3+ 23. axb3 Rde8 24. Nf4 Be4 25. Rg3 Ne5 26. Nd5 Bh4 27. Rg7 Kb8 28. c4 Nc6 29. Rdg1 Rhf8 30. Rd7 Bxf2 31. Bxf2 Rxf2 32. Rgg7 Rxe2 33. Rxb7+ Ka8 34. Rbf7 Bxd5 0-1


[Site "https://www.chess.com"]

[Event "Titled Tuesday Blitz August 17 2021"]
[White "Pert, Richard G"]
[Black "Demchenko, Anton"]
[WhiteFideId "404748"]
[BlackFideId "4160258"]
[WhiteElo "2441"]
[BlackElo "2583"]
[Result "1-0"]
[Round "02"]
[TimeControl "180+1"]
[Date "2021.08.17"]
[WhiteClock "0:00:08"]
[BlackClock "0:00:01"]

1. d4 Nf6 2. c4 e6 3. Nf3 Bb4+ 4. Bd2 Qe7 5. g3 Nc6 6. Bg2 Bxd2+ 7. Qxd2 Ne4 8. Qc2 Qb4+ 9. Nbd2 Nxd2 10. Qxd2 Qxc4 11. O-O Qb4 12. Qg5 O-O 13. Rfd1 d5 14. Rac1 Qxb2 15. h4 Qxe2 16. h5 h6 17. Qf4 Qxa2 18. Qxc7 Qa3 19. Rc5 a5 20. Qd6 Rd8 21. Qc7 Rd7 22. Qf4 Qb4 23. Rdc1 Rd8 24. Bf1 a4 25. Qc7 Re8 26. Bb5 a3 27. Ne5 Rf8 28. Bxc6 bxc6 29. Nxc6 Qb2 30. Ne7+ Kh7 31. R5c2 Qb3 32. Rc3 Qb4 33. Nc6 Qb7 34. Qd6 Bd7 35. Ne5 Bb5 36. Rc7 Qa6 37. Qe7 Rae8 38. Qc5 a2 39. Nxf7 1-0


[Site "https://www.chess.com"]

[Event "Titled Tuesday Blitz August 17 2021"]
[White "Petrovskyi, Vadym"]
[Black "Ayushh, Ravikumar"]
[WhiteFideId "14165210"]
[BlackFideId "35039482"]
[WhiteElo "2334"]
[BlackElo "1441"]
[Result "1-0"]
[Round "02"]
[TimeControl "180+1"]
[Date "2021.08.18"]
[WhiteClock "0:01:18"]
[BlackClock "0:00:15"]

1. e4 e5 2. Nf3 Nc6 3. d4 exd4 4. Bc4 Nf6 5. e5 d5 6. Bb5 Ne4 7. Nxd4 Bd7 8. Bxc6 bxc6 9. O-O Bc5 10. f3 Ng5 11. f4 Ne6 12. Be3 Bb6 13. f5 Nxd4 14. Bxd4 c5 15. Be3 d4 16. Bc1 Bc6 17. Qg4 Qd5 18. Bg5 c4 19. Nd2 d3+ 20. Kh1 dxc2 21. Rae1 h5 22. Qh3 Qd3 23. Nf3 Bxf3 24. Rxf3 Qd1 25. Rff1 Qd3 26. Qh4 Qd4 27. Bf4 Bc5 28. e6 f6 29. e7 Bxe7 30. Qg3 Kf8 31. Rxe7 Kxe7 32. Qxg7+ Kd8 33. Qxh8+ Kd7 34. Qxa8 Qd1 35. Qf3 Qxf3 36. Rxf3 Kc6 37. Rc3 Kd5 38. Rxc2 Ke4 39. Bxc7 Kxf5 40. Rxc4 Ke6 41. Bg3 Kd7 42. Rh4 f5 43. Rxh5 Ke6 44. Rh4 Kd5 45. Ra4 Ke6 46. Rxa7 Kd5 47. Ra4 Ke6 48. Rf4 Kf6 49. a4 Kg5 50. a5 Kg6 51. a6 Kf6 52. a7 Kg5 53. a8=Q Kf6 54. Qc6+ Kg5 55. h4+ Kh5 56. Rxf5+ Kg4 57. Rg5# 1-0


[Site "https://www.chess.com"]

[Event "Titled Tuesday Blitz August 17 2021"]
[White "Politov, Pavel Y."]
[Black "Dobrowolski, Piotr"]
[WhiteFideId "24110515"]
[BlackFideId "1106236"]
[WhiteElo "2090"]
[BlackElo "2296"]
[Result "1-0"]
[Round "02"]
[TimeControl "180+1"]
[Date "2021.08.18"]
[WhiteClock "0:00:16"]
[BlackClock "0:00:07"]

1. d4 e6 2. c4 c5 3. d5 exd5 4. cxd5 d6 5. Nc3 g6 6. e4 Bg7 7. Nf3 a6 8. a4 Bg4 9. Be2 Bxf3 10. Bxf3 Nd7 11. O-O Ne7 12. Be2 O-O 13. Be3 f5 14. Bg5 f4 15. Bg4 Ne5 16. Be6+ Kh8 17. f3 h6 18. Bh4 g5 19. Bf2 N7g6 20. Qb3 Qe7 21. Rac1 Nd3 22. Qb6 Nxf2 23. Kxf2 Bd4+ 24. Ke2 Ne5 25. Rfd1 Be3 26. Rc2 Rad8 27. a5 g4 28. fxg4 Qh4 29. Rh1 Bd4 30. Kd1 f3 31. gxf3 Rxf3 32. Kc1 Qe7 33. Kb1 Rdf8 34. h4 Rf1+ 35. Rxf1 Rxf1+ 36. Ka2 Nc4 37. Qb3 Ne3 38. Re2 Qd8 39. Qa4 Rf8 40. Qd7 Qxa5+ 41. Qa4 Qxa4+ 42. Nxa4 b5 43. Nb6 b4 44. Nd7 Rd8 45. g5 c4 46. g6 b3+ 47. Ka3 Kg7 48. h5 Nc2+ 49. Ka4 Be5 50. Nxe5 dxe5 51. Rf2 Rf8 52. Bf7 Nd4 53. d6 Rb8 54. d7 c3 55. bxc3 Nc6 56. Rb2 Rd8 57. Be8 Kf6 58. Rxb3 Kg5 59. Rb6 Ne7 60. g7 Kf4 61. Rg6 Ke3 62. Re6 Ng8 63. Bf7 Kd3 64. Bxg8 Rxg8 65. Re8 1-0


[Site "https://www.chess.com"]

[Event "Titled Tuesday Blitz August 17 2021"]
[White "Popilski, Gil"]
[Black "Ivanisevic, Ivan"]
[WhiteFideId "2809060"]
[BlackFideId "912417"]
[WhiteElo "2537"]
[BlackElo "2499"]
[Result "0-1"]
[Round "02"]
[TimeControl "180+1"]
[Date "2021.08.17"]
[WhiteClock "0:00:08"]
[BlackClock "0:00:19"]

1. e4 e5 2. Nf3 Nc6 3. Bb5 a6 4. Ba4 Bc5 5. c3 Nge7 6. d4 exd4 7. cxd4 Bb4+ 8. Nc3 d5 9. exd5 Nxd5 10. O-O O-O 11. Ne4 Bg4 12. Bxc6 bxc6 13. h3 Bh5 14. Ng3 Bg6 15. Ne5 Qd6 16. a3 Ba5 17. Qa4 Bb6 18. Nxc6 Rae8 19. Bd2 f5 20. Rfe1 f4 21. Nf1 f3 22. g4 Re2 23. Qc4 Bf7 24. Ne5 Nf4 25. Nxf7 Nxh3+ 26. Kh1 Nxf2+ 27. Kg1 Nh3+ 28. Kh1 Rxf7 29. Rxe2 fxe2 30. Qxe2 Qd5+ 31. Kh2 Rf2+ 0-1


[Site "https://www.chess.com"]

[Event "Titled Tuesday Blitz August 17 2021"]
[White "Potapova, Margarita"]
[Black "Sarana, Alexey"]
[WhiteFideId "14126869"]
[BlackFideId "24133795"]
[WhiteElo "2214"]
[BlackElo "2646"]
[Result "0-1"]
[Round "02"]
[TimeControl "180+1"]
[Date "2021.08.17"]
[WhiteClock "0:00:07"]
[BlackClock "0:01:22"]

1. d4 Nf6 2. c4 e6 3. Nc3 d5 4. Nf3 Bb4 5. Qa4+ Nc6 6. a3 Bxc3+ 7. bxc3 Ne4 8. e3 Nxc3 9. Qc2 Ne4 10. Bd3 Nf6 11. O-O O-O 12. Rb1 Rb8 13. Bd2 Ne7 14. Ne5 Ng6 15. f4 Bd7 16. a4 c5 17. cxd5 cxd4 18. dxe6 Bxe6 19. Nxg6 hxg6 20. e4 b6 21. Bb4 Re8 22. h3 Rc8 23. Qb2 Bc4 24. Bxc4 Rxc4 25. Qb3 Qc8 26. e5 Nd5 27. Bd2 Nc3 28. Rbe1 Qc6 29. Rf3 Qxa4 30. Qb2 Qc6 31. f5 gxf5 32. Rxf5 b5 33. Bg5 d3 34. Qf2 Ne2+ 35. Kh1 Qg6 36. Rf1 Re4 37. Qf3 R4xe5 38. Qxd3 Rxf5 0-1


[Site "https://www.chess.com"]

[Event "Titled Tuesday Blitz August 17 2021"]
[White "Preotu, Razvan"]
[Black "Poormosavi, Seyed Kian"]
[WhiteFideId "2613280"]
[BlackFideId "12585807"]
[WhiteElo "2407"]
[BlackElo "2134"]
[Result "1/2-1/2"]
[Round "02"]
[TimeControl "180+1"]
[Date "2021.08.17"]
[WhiteClock "0:00:09"]
[BlackClock "0:00:12"]

1. e4 c5 2. Nf3 Nf6 3. e5 Nd5 4. Nc3 e6 5. Ne4 Nc6 6. b3 f5 7. Nc3 Nxc3 8. dxc3 d5 9. exd6 Bxd6 10. Bb5 O-O 11. Bxc6 bxc6 12. c4 Qf6 13. Qxd6 Qxa1 14. O-O Qxa2 15. Qxc6 Qa6 16. Qxc5 Bb7 17. Ne5 Qb6 18. Qe7 Rae8 19. Qh4 f4 20. Bxf4 Qd4 21. Bg3 Qd2 22. Qg4 Qxc2 23. Nd7 Rf7 24. Nc5 Bc6 25. Be5 Qf5 26. Qg3 a5 27. h4 Rd8 28. Ra1 Qc2 29. Nxe6 Rd1+ 30. Rxd1 Qxd1+ 31. Kh2 Qh5 32. Nxg7 Qg6 33. Ne6 Qxg3+ 34. Bxg3 Re7 35. Nd4 Bd7 36. c5 Re4 37. Nc2 Re2 38. c6 Rxc2 39. cxd7 Rd2 40. Bc7 Rxd7 41. Bxa5 Rb7 42. b4 Rb5 43. Kg3 Kf7 44. Kf4 Kf6 45. g4 h6 46. g5+ hxg5+ 47. hxg5+ Kg6 48. Ke4 Rxg5 49. f4 Rb5 50. Kd4 Kf5 51. Ke3 Rb7 52. Kd4 Rxb4+ 53. Bxb4 Kxf4 1/2-1/2


[Site "https://www.chess.com"]

[Event "Titled Tuesday Blitz August 17 2021"]
[White "Pridorozhni, Aleksei"]
[Black "Levitskiy, Andrey"]
[WhiteFideId "4127870"]
[BlackFideId "14132885"]
[WhiteElo "2565"]
[BlackElo "2340"]
[Result "0-1"]
[Round "02"]
[TimeControl "180+1"]
[Date "2021.08.17"]
[WhiteClock "0:00:22"]
[BlackClock "0:00:09"]

1. e4 e6 2. d4 d5 3. Nd2 c5 4. Ngf3 cxd4 5. exd5 Qxd5 6. Bc4 Qd6 7. Qe2 Nf6 8. Nb3 Nc6 9. Bg5 a6 10. O-O-O b5 11. Bd3 Bd7 12. Rhe1 Be7 13. Kb1 h6 14. Bh4 Nb4 15. Bg3 Qb6 16. Nbxd4 O-O 17. Ne5 Rfd8 18. Nxd7 Rxd7 19. c3 Nxd3 20. Rxd3 Rad8 21. Red1 b4 22. Nb3 bxc3 23. Rxd7 Rxd7 24. Rxd7 Nxd7 25. bxc3 Nc5 26. Kc2 Qc6 27. Qc4 Qxg2 28. Nxc5 Qc6 29. Qxa6 Qxc5 30. a4 h5 31. Qb5 Qa3 32. a5 h4 33. Bxh4 Bxh4 34. a6 Bf6 35. Qb8+ Kh7 36. a7 Qxc3+ 37. Kd1 Qd3+ 38. Kc1 Bg5+ 39. Kb2 Bf6+ 40. Ka2 Qc2+ 41. Ka3 Be7+ 42. Qb4 Bxb4+ 43. Kxb4 Qa2 44. Kb5 Qxa7 45. Kc6 Qxf2 46. h4 Qxh4 47. Kd7 g5 48. Ke8 Kg7 49. Ke7 g4+ 50. Kd6 g3 51. Ke5 g2 52. Kd6 g1=Q 53. Ke5 Qhd4# 0-1


[Site "https://www.chess.com"]

[Event "Titled Tuesday Blitz August 17 2021"]
[White "Provaznik, Michal"]
[Black "Djordjevic, Vuk"]
[WhiteFideId "315273"]
[BlackFideId "902098"]
[WhiteElo "2176"]
[BlackElo "2463"]
[Result "0-1"]
[Round "02"]
[TimeControl "180+1"]
[Date "2021.08.18"]
[WhiteClock "0:00:05"]
[BlackClock "0:00:03"]

1. b3 e5 2. Bb2 Nc6 3. g3 d5 4. Bg2 Nf6 5. e3 Be6 6. Ne2 Be7 7. O-O O-O 8. h3 Nd7 9. f4 f5 10. fxe5 Ndxe5 11. Nf4 Bf7 12. Nc3 d4 13. Ncd5 dxe3 14. dxe3 Bc5 15. a3 a5 16. c4 Re8 17. Qc2 Rc8 18. Rad1 Qg5 19. Kh2 Ng6 20. e4 fxe4 21. Bxe4 Bd6 22. Qc3 Be5 23. Qc2 Bxb2 24. Bxg6 Bxg6 25. Qxb2 Be4 26. Rde1 Re5 27. Ne3 Rce8 28. Ng4 R5e7 29. Rf2 h5 30. Ne3 h4 31. g4 Rf8 32. Ref1 Ref7 33. Nfd5 Rxf2+ 34. Rxf2 Rxf2+ 35. Qxf2 Qe5+ 36. Qf4 Qxf4+ 37. Nxf4 Nd4 38. b4 axb4 39. axb4 Nf3+ 40. Kg2 c6 41. Kf2 Ng5 42. b5 c5 43. Neg2 Bxg2 44. Kxg2 Ne4 45. Kf3 Nd6 46. Ne6 b6 47. Nd8 Nxc4 48. g5 Kf8 49. Kg4 Ke7 50. Nc6+ Ke6 51. Kxh4 Ne5 0-1


[Site "https://www.chess.com"]

[Event "Titled Tuesday Blitz August 17 2021"]
[White "Rastbod, Ali"]
[Black "Nilsen, Tobias Lang"]
[WhiteFideId "12567477"]
[BlackFideId "1521624"]
[WhiteElo "2226"]
[BlackElo "1975"]
[Result "1-0"]
[Round "02"]
[TimeControl "180+1"]
[Date "2021.08.18"]
[WhiteClock "0:00:09"]
[BlackClock "0:00:39"]

1. c4 c5 2. Nf3 g6 3. d4 Bg7 4. dxc5 Na6 5. g3 Nxc5 6. Bg2 Nf6 7. Nc3 O-O 8. O-O d6 9. Nd4 Rb8 10. b3 Ne6 11. Bb2 Nxd4 12. Qxd4 a6 13. Rfd1 Be6 14. e4 Nd5 15. Qd2 Nxc3 16. Bxc3 Bxc3 17. Qxc3 Qc7 18. Rac1 Rbc8 19. Bf1 Rfd8 20. Be2 Qc6 21. Qe3 Qc5 22. Qd2 Qc7 23. f4 Qc5+ 24. Kg2 f6 25. Bf3 Bd7 26. Qd5+ Kg7 27. Qxb7 Rc7 28. Qd5 Qxd5 29. exd5 Kf7 30. Rd2 a5 31. Rdc2 Rdc8 32. Kf2 Bf5 33. Rc3 Rc5 34. Ke3 R8c7 35. Kd4 Bc8 36. a3 Rb7 37. Rb1 Bf5 38. Rb2 Rc8 39. b4 axb4 40. axb4 Rcb8 41. Rcb3 Ke8 42. Be4 Bg4 43. Kc3 Kd7 44. c5 dxc5 45. bxc5 Rxb3+ 46. Rxb3 Rxb3+ 47. Kxb3 Kc7 48. Kb4 Bc8 49. Kc4 Bd7 50. Kd4 Bg4 51. Bg2 Bc8 52. h3 Bd7 53. g4 Bc8 54. g5 Bf5 55. h4 Kd7 56. Bf1 Kc7 57. Bb5 fxg5 58. hxg5 e6 59. d6+ Kd8 60. c6 1-0


[Site "https://www.chess.com"]

[Event "Titled Tuesday Blitz August 17 2021"]
[White "Rodriguez Hernandez, Luis Daniel"]
[Black "Khabinets, Ivan"]
[WhiteFideId "3506770"]
[BlackFideId "14115980"]
[WhiteElo "2133"]
[BlackElo "2114"]
[Result "1-0"]
[Round "02"]
[TimeControl "180+1"]
[Date "2021.08.17"]
[WhiteClock "0:00:41"]
[BlackClock "0:01:44"]

1. e4 c5 2. c3 d6 3. d4 Nf6 4. Bd3 Nc6 5. Nf3 g6 6. dxc5 dxc5 7. Be3 b6 8. e5 Ng4 9. Qa4 Nxe3 10. Qxc6+ Bd7 11. Qe4 Nxg2+ 12. Kf1 Bf5 13. Bb5+ Bd7 14. Bxd7+ Kxd7 15. Qb7+ Ke6 16. Kxg2 h6 17. Qc6+ Kf5 18. Nbd2 Rc8 19. Nh4+ Kxe5 20. Rhe1+ Kf4 21. Qf3+ Kg5 22. Ne4+ Kxh4 23. Qh3# 1-0


[Site "https://www.chess.com"]

[Event "Titled Tuesday Blitz August 17 2021"]
[White "Rustemov, Alexander"]
[Black "Matveeva, Olga"]
[WhiteFideId "4119002"]
[BlackFideId "24107018"]
[WhiteElo "2706"]
[BlackElo "2108"]
[Result "1-0"]
[Round "02"]
[TimeControl "180+1"]
[Date "2021.08.18"]
[WhiteClock "0:00:15"]
[BlackClock "0:00:08"]

1. d4 d5 2. c4 e6 3. Nc3 c5 4. cxd5 exd5 5. Nf3 Nc6 6. g3 Nf6 7. Bg2 Be7 8. O-O O-O 9. Bg5 c4 10. Ne5 h6 11. Bf4 Be6 12. b3 Qb6 13. bxc4 dxc4 14. Rb1 Qa5 15. Bxc6 bxc6 16. Nxc6 Qxc3 17. Nxe7+ Kh8 18. Qd2 Qxd2 19. Bxd2 Ne4 20. Bb4 Rfd8 21. e3 a5 22. Bc5 Nd2 23. Rbc1 Nxf1 24. Kxf1 Rdb8 25. e4 Rb2 26. a3 Bh3+ 27. Ke1 Rab8 28. Nc6 R8b5 29. a4 R5b3 30. Nxa5 Rd3 31. Nxc4 Ra2 32. a5 Rb3 33. d5 Bg4 34. Ne3 Bf3 35. Bb6 Rbb2 36. Nc4 Re2+ 37. Kf1 Rxf2+ 38. Bxf2 1-0


[Site "https://www.chess.com"]

[Event "Titled Tuesday Blitz August 17 2021"]
[White "Rytenko, Vsevolod"]
[Black "Liyanage, Ranindu Dilshan"]
[WhiteFideId "14133040"]
[BlackFideId "9915834"]
[WhiteElo "2200"]
[BlackElo "1839"]
[Result "0-1"]
[Round "02"]
[TimeControl "180+1"]
[Date "2021.08.18"]
[WhiteClock "0:00:01"]
[BlackClock "0:00:17"]

1. d4 Nf6 2. c4 e6 3. Nc3 Bb4 4. Bd2 O-O 5. Nf3 d5 6. e3 b6 7. cxd5 exd5 8. Bd3 c6 9. O-O Re8 10. Rc1 Bd6 11. Bb1 Bg4 12. h3 Bh5 13. Qc2 Nbd7 14. Ne2 Ne4 15. g4 Bg6 16. Qxc6 Rc8 17. Qxc8 Qxc8 18. Rxc8 Rxc8 19. Rc1 Re8 20. Be1 h5 21. Nh4 Bh7 22. Nf5 Bb8 23. Bxe4 dxe4 24. Rc8 Rxc8 25. Ne7+ Kf8 26. Nxc8 Ke8 27. Bb4 Nf6 28. g5 Nd5 29. Bd6 Bxd6 30. Nxd6+ Ke7 31. Nb5 a6 32. Nbc3 Nb4 33. Ng3 h4 34. Ngxe4 Bxe4 35. Nxe4 Nxa2 36. Kf1 Nb4 37. Ke2 Ke6 38. f4 a5 39. Nd2 b5 40. e4 Nc2 41. Kd3 Ne1+ 42. Ke2 Nc2 43. d5+ Kd6 44. Nf3 b4 45. Kd2 b3 46. Nxh4 a4 47. Nf5+ Kc5 48. Nxg7 Nd4 49. Nf5 Nf3+ 50. Kd3 Ne1+ 51. Kd2 a3 52. bxa3 b2 53. Kxe1 b1=Q+ 54. Kf2 Qxe4 55. Ne3 Kd4 56. Ng4 Qxf4+ 57. Kg2 Ke4 0-1


[Site "https://www.chess.com"]

[Event "Titled Tuesday Blitz August 17 2021"]
[White "Sadovsky, Artem"]
[Black "Mirzoev, Azer"]
[WhiteFideId "4155840"]
[BlackFideId "13400304"]
[WhiteElo "2442"]
[BlackElo "2525"]
[Result "1/2-1/2"]
[Round "02"]
[TimeControl "180+1"]
[Date "2021.08.17"]
[WhiteClock "0:00:07"]
[BlackClock "0:00:19"]

1. Nf3 c5 2. e3 Nf6 3. b3 d5 4. Bb2 e6 5. Be2 Be7 6. O-O O-O 7. c4 b6 8. cxd5 exd5 9. d4 Bb7 10. Nc3 Nbd7 11. Rc1 Re8 12. dxc5 bxc5 13. Na4 Rc8 14. Ne5 Nxe5 15. Bxe5 Bf8 16. Bb2 Ne4 17. Nc3 Ng5 18. Bg4 Rb8 19. Qd3 c4 20. Qd4 a5 21. Rfd1 cxb3 22. axb3 Ne6 23. Qd2 Qg5 24. Bf3 d4 25. exd4 Bxf3 26. Qxg5 Nxg5 27. gxf3 Nxf3+ 28. Kg2 Nh4+ 29. Kh3 Rxb3 30. Rc2 Nf5 31. d5 h5 32. Kg2 Bb4 33. Nb5 Rd8 34. Be5 f6 35. Bc7 Rd7 36. d6 Kh7 37. Rd5 Nh4+ 38. Kf1 Kg6 39. Nd4 Rd3 40. Ke2 Rh3 41. Ne6 Kf7 42. Nf4 Rb3 43. Rxh5 Ng6 44. Nxg6 Kxg6 45. Rd5 Kf7 46. Bxa5 Bxd6 47. Rcd2 Ke6 48. Bc7 Rxc7 49. Rxd6+ Kf5 50. R6d3 Rb4 51. Kf3 Rf4+ 52. Kg2 Rg4+ 53. Rg3 Rg5 54. Rd5+ Kf4 55. Rd4+ Kf5 56. Rd5+ Kg6 57. h4 Rxg3+ 58. fxg3 Kh6 59. Kh3 Rc3 60. Kg4 Rc4+ 61. Kf5 Rc3 62. Kf4 g6 63. Rd8 Rc4+ 64. Kf3 f5 65. Rd7 Rc3+ 66. Kf2 Ra3 67. Kg2 Ra4 68. Kf3 Ra3+ 69. Kf4 Ra4+ 70. Kf3 Rb4 71. Rc7 Ra4 72. Rd7 1/2-1/2


[Site "https://www.chess.com"]

[Event "Titled Tuesday Blitz August 17 2021"]
[White "Sadykov, Ramil"]
[Black "Dronavalli, Harika"]
[WhiteFideId "24113590"]
[BlackFideId "5015197"]
[WhiteElo "2300"]
[BlackElo "2422"]
[Result "0-1"]
[Round "02"]
[TimeControl "180+1"]
[Date "2021.08.17"]
[WhiteClock "0:00:02"]
[BlackClock "0:00:55"]

1. d4 Nf6 2. Nc3 d5 3. Bf4 a6 4. e3 e6 5. g4 Bd6 6. Qf3 h6 7. Bg2 c5 8. Nge2 Nc6 9. h4 Bxf4 10. Qxf4 Qe7 11. O-O-O Bd7 12. g5 Nh5 13. Qc7 cxd4 14. Nxd4 Nxd4 15. Rxd4 Bc6 16. Qxe7+ Kxe7 17. Bf3 g6 18. Bxh5 gxh5 19. f4 Rag8 20. Ne2 f6 21. gxf6+ Kxf6 22. Rh2 Rg4 23. Rd2 Rhg8 24. Nd4 Rg3 25. Rde2 R8g4 26. b3 Be8 27. a4 Bg6 28. Kb2 Be4 29. a5 Bf3 30. Re1 Be4 31. Ka3 Rg2 32. Rxg2 Rxg2 33. Kb2 Rg4 34. Re2 Rxh4 35. c4 dxc4 36. bxc4 Rh1 37. Kc3 h4 38. Nb3 h3 39. Nc5 Bf3 40. Rf2 h2 0-1


[Site "https://www.chess.com"]

[Event "Titled Tuesday Blitz August 17 2021"]
[White "Sapunov, Evgeny"]
[Black "Jeet, Jain"]
[WhiteFideId "4126661"]
[BlackFideId "5073022"]
[WhiteElo "2470"]
[BlackElo "2085"]
[Result "1-0"]
[Round "02"]
[TimeControl "180+1"]
[Date "2021.08.17"]
[WhiteClock "0:00:28"]
[BlackClock "0:00:15"]

1. c4 e6 2. Nf3 d5 3. d4 Nf6 4. Nc3 a6 5. c5 b6 6. cxb6 cxb6 7. Bf4 Bd6 8. e3 O-O 9. Bd3 Nc6 10. O-O Bb7 11. Qe2 b5 12. a4 b4 13. Bxd6 Qxd6 14. Nb1 a5 15. Nbd2 e5 16. dxe5 Nxe5 17. Nxe5 Qxe5 18. Nb3 h5 19. h3 Ne4 20. Rfc1 h4 21. Bxe4 dxe4 22. Rc5 Qe6 23. Nd4 Qg6 24. Rac1 f5 25. Qb5 Ba6 26. Qc6 Qxc6 27. Nxc6 Bd3 28. Nxa5 f4 29. b3 f3 30. Nc6 Rf6 31. Rf5 Rd6 32. Rf4 g5 33. Rg4 Kh7 34. Nd4 Rg8 35. gxf3 exf3 36. Nxf3 Kh6 37. Nxh4 Rgd8 38. Nf3 Be2 39. Rg3 Rd1+ 40. Rxd1 Rxd1+ 41. Kg2 Bf1+ 42. Kh2 Rb1 43. Nd4 Bd3 44. Rf3 Rb2 45. Kg3 Bc2 46. Rf6+ Kg7 47. Rb6 Bd1 48. Rxb4 1-0


[Site "https://www.chess.com"]

[Event "Titled Tuesday Blitz August 17 2021"]
[White "Semenova, Elena"]
[Black "Karttunen, Mika"]
[WhiteFideId "24125148"]
[BlackFideId "502081"]
[WhiteElo "2075"]
[BlackElo "2343"]
[Result "0-1"]
[Round "02"]
[TimeControl "180+1"]
[Date "2021.08.17"]
[WhiteClock "0:01:31"]
[BlackClock "0:00:57"]

1. e4 c5 2. c3 d5 3. exd5 Qxd5 4. d4 Nc6 5. Nf3 Bg4 6. Be2 cxd4 7. cxd4 e6 8. Nc3 Qa5 9. O-O Nf6 10. h3 Bh5 11. Bd2 Be7 12. a3 O-O 13. b4 Qd8 14. Be3 Nd5 15. Rc1 Nxc3 16. Rxc3 Bf6 17. g4 Bg6 18. Bd3 Bxd3 19. Rxd3 Qd5 20. Qb3 Qxf3 21. Bg5 Qd5 22. Qxd5 exd5 23. Bxf6 gxf6 24. Rf3 Kg7 25. Rf5 Rad8 26. Rd1 Rfe8 27. Kg2 Re4 0-1


[Site "https://www.chess.com"]